 Dungeon Crawl Stone Soup version 0.29-a0-1023-g6ae1a4a2c7 (webtiles) character file.

Game seed: 13728462375238125090

22823 frimble the Contemplative (level 12, -14/96 HPs)
             Began as a Demonspawn Earth Elementalist on Aug 12, 2022.
             Was a Priest of Cheibriados.
             Demolished by an azure jelly (38 damage)
             ... in an ice cave.
             The game lasted 00:20:48 (14229 turns).

frimble the Contemplative (DsEE)                   Turns: 14229, Time: 00:20:49

Health: -14/96     AC: 11    Str: 28    XL:     12   Next: 66%
Magic:  16/21      EV: 26    Int: 25    God:    Cheibriados [***...]
Gold:   1151       SH:  5    Dex: 28    Spells: 14/15 levels left

rFire   . . .      SeeInvis .     - Unarmed
rCold   . . .      Faith    .   (no shield)
rNeg    + + +      Spirit   .   a - +3 leather armour "Earthly Heaven" {Drain rPois Str+3 Stlth+}
rPois   +          Reflect  +   (helmet restricted)
rElec   +          Harm     .   h - +1 cloak
rCorr   .          Rampage  .   (no gloves)
Will    .....                   r - +2 pair of boots
Stlth   +++++.....              x - amulet of reflection
HPRegen 0.26/turn               l - +6 ring of strength
MPRegen 0.17/turn               o - ring "Byerumoo" {rElec rN+++ Int-2 Dex+6 Stlth+}

@: mighty, agile, very slow
A: antennae 2, powered by pain 3, spiny 1, weakness stinger 1, demonic touch 1,
sense surroundings 1
a: Renounce Religion, Bend Time, Temporal Distortion


You were in an ice cave.
You worshipped Cheibriados.
Cheibriados was most pleased with you.
You visited 2 branches of the dungeon, and saw 13 of its levels.
You also visited: Ice Cave.

You collected 1209 gold pieces.
You spent 58 gold pieces at shops.

Inventory:

Missiles
 q - a throwing net
Armour
 a - the +3 leather armour "Earthly Heaven" (worn) {Drain rPois Str+3 Stlth+}
   (You found it on level 6 of the Dungeon)

   Str:       It affects your strength (+3).
   rPois:     It protects you from poison.
   Drain:     It drains your maximum health when unequipped.
   Stlth:     It makes you more stealthy.
 h - a +1 cloak (worn)
 k - +1 ice dragon scales
 r - a +2 pair of boots (worn)
Jewellery
 l - a +6 ring of strength (left hand)
 o - the ring "Byerumoo" (right hand) {rElec rN+++ Int-2 Dex+6 Stlth+}
   (You acquired it on level 4 of the Dungeon)

   [ring of dexterity]

   Int:       It affects your intelligence (-2).
   Dex:       It affects your dexterity (+6).
   rElec:     It insulates you from electricity.
   rN:        It renders you almost immune to negative energy.
   Stlth:     It makes you more stealthy.
 x - an amulet of reflection (around neck)
 z - a ring of willpower
 C - a ring of fire
Scrolls
 d - 2 scrolls of teleportation
 g - a scroll of amnesia
 s - 2 scrolls of torment
 y - a scroll of identify
 E - a scroll of magic mapping
Potions
 b - a potion of magic
 c - 6 potions of curing
 e - a potion of might
 i - 2 potions of attraction
 j - 3 potions of lignification
 m - a potion of flight
 n - 4 potions of heal wounds
 v - a potion of haste
 w - a potion of brilliance
Miscellaneous
 A - a phantom mirror (inert)


   Skills:
 + Level 9.4 Fighting
 + Level 9.4 Dodging
 - Level 2.0 Stealth
 - Level 11.7 Unarmed Combat
 - Level 2.1 Spellcasting
 - Level 1.1 Transmutations
 - Level 2.8 Earth Magic
 - Level 12.0 Invocations
 - Level 5.0 Evocations


You had 14 spell levels left.
You knew the following spells:

 Your Spells              Type           Power      Damage    Failure   Level
a - Sandblast             Erth           32%        2d9       3%          1

Your spell library contained the following spells:

 Spells                   Type           Power      Damage    Failure   Level
 Passwall                 Tmut/Erth      10%        N/A       9%          2
 Shock                    Conj/Air       8%         1d3       12%         1
 Stone Arrow              Conj/Erth      18%        3d8       21%         3
 Frozen Ramparts          Ice            4%         1d1       36%         3
 Swiftness                Air            2%         N/A       36%         3
 Petrify                  Tmut/Erth      12%        N/A       47%         4
 Ice Form                 Ice/Tmut       5%         N/A       67%         4
 Airstrike                Air            1%         2d(1-17)  77%         4
 Animate Dead             Necr           2%         N/A       77%         4
 Summon Ice Beast         Ice/Summ       2%         N/A       77%         4
 Haunt                    Necr/Summ      1%         N/A       100%        7
 Infestation              Necr           1%         N/A       100%        8


Dungeon Overview and Level Annotations

Branches:
Dungeon (14/15)            Temple (1/1) D:5           IceCv (1/1)
   Lair: D:8-11         Orc: D:9-12      Vaults: D:13-14

Altars:
Ashenzari
Cheibriados
Fedhas
Gozag
Hepliaklqana
Kikubaaqudgha
Makhleb
Nemelex Xobeh
Okawaru
Qazlal
Ru
Sif Muna
Trog
Uskayaw
Vehumet
Wu Jian
Xom
Yredelemnul

Shops:
D:11 [

Annotations:
D:3 3 runed translucent doors, Kazon's ghost, amateur GrBe
D:5 1 runed translucent door, Crazy Yiuf
D:14 exclusions: hydra and ice statue


Innate Abilities, Weirdness & Mutations

You have a pair of antennae on your head.
You are powered by pain.
You are partially covered in sharp spines.
You have a small tail.
Your touch may inflict minor irresistible damage on your foes.
You passively map a small area around you.


Message History

Aiming: Sandblast (safe; 3% risk of failure)
Press: ? - help, Q - select action, (/) - cycle Shift-Dir - straight line, f - azure jelly
Aim: an azure jelly (wandering, hasn't noticed you, 82% to hit)
The blast of sand misses the azure jelly.
The azure jelly quivers.
You hit the azure jelly. Your touch misses the azure jelly.
The azure jelly is lightly wounded.
The azure jelly is struck by your spines.
The azure jelly hits you but does no damage.
The azure jelly hits you! The azure jelly freezes you!!!
You focus on the pain.
You feel agile all of a sudden. The azure jelly barely misses you.
The azure jelly closely misses you.
You punch the azure jelly!
Your tail-slap misses the azure jelly.
Your touch misses the azure jelly.
The azure jelly is moderately wounded.
You punch the azure jelly!
Your tail-slap misses the azure jelly.
The azure jelly is moderately wounded.
The azure jelly is struck by your spines.
The azure jelly completely misses you. x2; The azure jelly hits you.
The azure jelly completely misses you.
You punch the azure jelly! Your touch misses the azure jelly.
The azure jelly is heavily wounded.
The azure jelly misses you. The azure jelly hits you.
The azure jelly freezes you!
* * * LOW HITPOINT WARNING * * *
You block the azure jelly's attack.
The azure jelly hits you but does no damage.
Okay, then.
Unknown command.
Okay, then.
Unknown command.
Activating: Slouch (1% risk of failure)
Press: ? - help, Dir - look around, f - activate You can feel time thicken for a moment.
You can no longer inflict damage on those overly hasty.
Cheibriados lowers the support of your attributes as your movement quickens.
The azure jelly hits you.
* * * LOW HITPOINT WARNING * * *
The azure jelly freezes you!!!
You die...

##......# * #...##..#
#.. .#...
##..##..#####.. ......#
#..##...##.##..#._.#..#
##..#...##..##.........#
#..##...#....#...#.#...#
#..#...##....##.......#
#..#..##......#.J.....#
..##.##...#...##@....#*
..#..##..##...##....##
.##..##..###..###...#
.#...#..## #..###..####
.#..##..# ##..##..##.#
.#..##..## #..##.##..##
.##..#...# #..##......#
..#..##..####..##......#
..##..#....##..##......#


You could see an azure jelly.

Vanquished Creatures
  An azure jelly (IceCv)
  A rockslime (IceCv)
  4 quicksilver oozes (IceCv)
  2 two-headed ogres
  Urug (D:10)
  Nergalle (D:10)
  2 orange crystal statues (IceCv)
  A guardian serpent (shapeshifter) (D:14)
  3 kobold demonologists (D:11)
  Psyche (D:8)
  A troll (D:11)
  2 hornets
  18 slime creatures (IceCv)
  4 wraiths (D:10)
  2 shadows
  A vampire (D:14)
  A wyvern (D:8)
  7 yaks
  Grum (D:10)
  A basilisk (D:14)
  2 vampire mosquitoes (D:14)
  2 steam dragons
  A harpy simulacrum (D:14)
  A water moccasin (D:6)
  Edmund (D:5)
  An ice beast (D:5)
  2 ogres
  3 black bears
  A sky beast (D:6)
  6 great orb of eyes simulacra (IceCv)
  2 wolves (D:10)
  5 centaurs
  5 slime creature simulacra (IceCv)
  4 kobold brigands
  3 bullfrogs
  3 glowing shapeshifter simulacra (IceCv)
  4 scorpions
  7 wights
  9 killer bees (D:8)
  4 howler monkeys
  2 hounds
  3 jellies
  An orc priest (D:4)
  2 orc wizards
  18 gnolls
  6 adders
  A shadow imp (D:6)
  2 white imps (D:6)
  5 worms
  A dart slug (D:5)
  11 orcs
  3 ball pythons
  8 bats
  8 endoplasms
  8 giant cockroaches
  8 goblins
  4 hobgoblins
  10 jackals
  2 quokkas
  4 frilled lizards
  16 kobolds
  8 rats
  A bush (D:10)
253 creatures vanquished.

Vanquished Creatures (collateral kills)
  Snorg (D:10)
  Josephine (D:10)
  2 wraiths (D:10)
4 creatures vanquished.

Grand Total: 257 creatures vanquished

Notes
Turn   | Place    | Note
-------+----------+-------------------------------------------
     0 | D:1      | frimble the Demonspawn Earth Elementalist began the quest
                  | for the Orb.
     0 | D:1      | Reached XP level 1. HP: 13/13 MP: 3/3
   165 | D:1      | Reached skill level 1 in Transmutations
   384 | D:1      | Gained mutation: You are partially covered in sharp spines.
                  | [demonic ancestry]
   384 | D:1      | Reached XP level 2. HP: 19/19 MP: 1/5
   805 | D:1      | Reached skill level 1 in Fighting
  1163 | D:1      | Discovered your monstrous ancestry.
  1163 | D:1      | Gained mutation: Your touch may inflict minor irresistible
                  | damage on your foes. [demonic ancestry]
  1163 | D:1      | Reached XP level 3. HP: 19/27 MP: 4/6
  1978 | D:2      | Reached skill level 1 in Unarmed Combat
  2228 | D:2      | Gained mutation: You sometimes gain a little power by
                  | taking damage. [demonic ancestry]
  2228 | D:2      | Reached XP level 4. HP: 32/34 MP: 7/7
  2447 | D:2      | Found a faded altar of an unknown god.
  2965 | D:3      | Found a runed translucent gate.
  2965 | D:3      | Found a runed translucent gate.
  2965 | D:3      | Found a runed translucent gate.
  2965 | D:3      | Noticed Kazon's ghost (amateur GrBe)
  3074 | D:3      | Gained mutation: You sometimes gain power by taking damage.
                  | [demonic ancestry]
  3074 | D:3      | Reached XP level 5. HP: 9/41 MP: 6/8
  3966 | D:4      | Gained mutation: You have a small tail. [demonic ancestry]
  3966 | D:4      | Reached XP level 6. HP: 30/48 MP: 6/9
  3966 | D:4      | Identified a scroll of acquirement
  3966 | D:4      | Acquired the ring "Byerumoo" {rElec rN+++ Int-2 Dex+6
                  | Stlth+}
  4531 | D:4      | Found a glowing drain.
  4655 | D:5      | Entered Level 5 of the Dungeon
  4714 | D:5      | Found a sparkling altar of Nemelex Xobeh.
  4837 | D:5      | Reached skill level 5 in Fighting
  4837 | D:5      | Gained mutation: You have a pair of small antennae on your
                  | head. [demonic ancestry]
  4837 | D:5      | Reached XP level 7. HP: 20/56 MP: 10/10
  5028 | D:5      | Found a staircase to the Ecumenical Temple.
  5405 | D:5      | Noticed Edmund
  5436 | D:5      | Killed Edmund
  5437 | D:5      | Reached skill level 5 in Unarmed Combat
  5461 | Temple   | Entered the Ecumenical Temple
  5859 | Temple   | Became a worshipper of Cheibriados the Contemplative
  5957 | D:5      | Found a runed translucent door.
  5958 | D:5      | Noticed Crazy Yiuf
  6365 | D:6      | Identified the +3 leather armour "Earthly Heaven" {Drain
                  | rPois Str+3 Stlth+}
  6382 | D:6      | Gained mutation: You are powered by pain. [demonic
                  | ancestry]
  6382 | D:6      | Reached XP level 8. HP: 62/62 MP: 11/11
  6525 | D:6      | Reached skill level 5 in Dodging
  6553 | D:6      | Found an ornate altar of the Wu Jian Council.
  6570 | D:6      | Reached * piety under Cheibriados
  6815 | D:6      | Found a shimmering altar of Xom.
  6815 | D:6      | Found a bloodstained altar of Trog.
  6817 | D:6      | Reached skill level 1 in Evocations
  6875 | D:6      | Reached XP level 9. HP: 59/68 MP: 12/12
  8335 | D:7      | Reached skill level 5 in Evocations
  8464 | D:7      | Acquired 519 gold pieces
  8488 | D:8      | Reached skill level 1 in Invocations
  8489 | D:8      | Reached ** piety under Cheibriados
  8490 | D:8      | Reached skill level 2 in Invocations
  8507 | D:8      | Noticed Psyche
  8512 | D:8      | Killed Psyche
  8513 | D:8      | Reached skill level 3 in Invocations
  8516 | D:8      | Reached skill level 4 in Invocations
  9007 | D:8      | Reached XP level 10. HP: 74/74 MP: 13/13
  9235 | D:8      | Reached skill level 5 in Invocations
  9284 | D:8      | Reached skill level 6 in Invocations
 10200 | D:9      | Noticed a two-headed ogre
 10208 | D:9      | Killed a two-headed ogre
 10209 | D:9      | Reached skill level 10 in Unarmed Combat
 10209 | D:9      | Reached skill level 7 in Invocations
 10650 | D:10     | Entered Level 10 of the Dungeon
 10651 | D:10     | Noticed Nergalle
 10662 | D:10     | Noticed a spectral orc warlord
 10663 | D:10     | Killed Nergalle
 10664 | D:10     | Reached skill level 8 in Invocations
 10665 | D:10     | Reached *** piety under Cheibriados
 10722 | D:10     | Noticed Josephine
 10725 | D:10     | Noticed Grum
 10728 | D:10     | Noticed Snorg
 10736 | D:10     | Killed Snorg
 10737 | D:10     | Reached skill level 9 in Invocations
 10739 | D:10     | Killed Josephine
 10740 | D:10     | Reached XP level 11. HP: 45/79 MP: 16/18
 10746 | D:10     | Reached skill level 10 in Invocations
 11092 | D:10     | Noticed a two-headed ogre
 11096 | D:10     | Killed Grum
 11101 | D:10     | Killed a two-headed ogre
 11206 | D:10     | Noticed Urug
 11225 | D:10     | Killed Urug
 11226 | D:10     | Reached skill level 11 in Invocations
 11561 | D:10     | Noticed a skeletal warrior
 11561 | D:10     | Found the +5 scythe "Finisher" {speed, eviscerate}
 11767 | D:11     | Found Veutiuc's Armour Emporium.
 11776 | D:11     | Bought a +0 cloak for 58 gold pieces
 11799 | D:11     | You fall into a shaft and drop 3 floors!
 11887 | D:14     | Noticed a five-headed hydra
 11929 | D:14     | Reached **** piety under Cheibriados
 11934 | D:14     | Found a frozen archway.
 11936 | D:14     | Gained mutation: You passively map a small area around you.
                  | [potion of mutation]
 11941 | IceCv    | Entered an ice cave
 11962 | IceCv    | Reached skill level 12 in Invocations
 12401 | IceCv    | Noticed an orange crystal statue
 12445 | IceCv    | HP: 2/121 [slime creature[an orange crystal statue] (9)]
 12446 | IceCv    | Killed an orange crystal statue
 12795 | IceCv    | Noticed a quicksilver ooze
 12801 | IceCv    | Killed a quicksilver ooze
 12828 | IceCv    | Noticed an orange crystal statue
 12832 | IceCv    | Noticed a quicksilver ooze
 12840 | IceCv    | Killed an orange crystal statue
 12841 | IceCv    | Gained mutation: You have a pair of antennae on your head.
                  | [demonic ancestry]
 12841 | IceCv    | Reached XP level 12. HP: 89/89 MP: 7/21
 12844 | IceCv    | Killed a quicksilver ooze
 13622 | IceCv    | Reached ***** piety under Cheibriados
 13885 | IceCv    | Noticed a rockslime
 13886 | IceCv    | Noticed a quicksilver ooze
 13887 | IceCv    | Found a viscous altar of Jiyva.
 13887 | IceCv    | Noticed an azure jelly
 13896 | IceCv    | Killed a rockslime
 13897 | IceCv    | Killed a quicksilver ooze
 13897 | IceCv    | Killed an azure jelly
 13899 | IceCv    | Noticed a quicksilver ooze
 13900 | IceCv    | Noticed an azure jelly
 14207 | IceCv    | Killed a quicksilver ooze
 14229 | IceCv    | Demolished by an azure jelly

Illustrated notes

Levels and vault maps discovered:
D:1:      dpeg_arrival_tiny_h, layout_basic, minmay_misc_feat_columns,
          minivault_11
D:2:      layout_loops_ring, shapermc_ecumenical_altar_ellora, minmay_3d_cube
D:3:      layout_loops_corners, ebering_ghost_rock_garden
D:4:      layout_cave_pools, cheibrodos_sewer_entry_drain, minmay_diced_spiral
D:5:      layout_loops_ring, nemelex_spade_bored_becter,
          minmay_temple_entry_arrows, uniq_edmund, uniq_crazy_yiuf_cottage
D:6:      layout_basic, mainiacjoe_overflow_24_doors,
          mainiacjoe_overflow_divided_tiny, kennysheep_generic_room_7
D:7:      layout_basic
D:8:      layout_basic, uniq_psyche
D:9:      layout_stronghold
D:10:     layout_cave_pools, lemuel_tele_altar, kb_lookout_dungeons_type,
          minmay_guarded_unrand_finisher, uniq_grum, uniq_snorg, uniq_josephine,
          uniq_urug, uniq_nergalle
D:11:     layout_rooms, david_lair_shrubbed, serial_shops, shop,
          nicolae_shop_crystal, nicolae_stop_n_shop_2, minmay_diamond_spiral,
          uniq_harold
D:14:     layout_long_grid, erik_vaults_2, serial_park_square1
          [serial_park_minivault_5x5_8], portal_ice_cave_entry_ice_statue_one
Temple:   bh_familiar_temple
IceCv:    ice_cave_hellmonk_azure_passage

Skill      XL: |  1  2  3  4  5  6  7  8  9 10 11 12 |
---------------+-------------------------------------+-----
Transmutations | 1 |  1.1
Stealth        | 2 |  2.0
Dodging        | 2 4 6 7 9 |  9.4
Fighting       | 1 2 3 4 5 6 9 |  9.4
Unarmed Combat | 1 2 3 4 5 7 9 10 11 | 11.7
Evocations     | 2 5 |  5.0
Invocations    | 4 9 12 | 12.0
Spellcasting   | |  2.1
Earth Magic    | |  2.8

Action                   |  1- 3 |  4- 6 |  7- 9 | 10-12 || total
-------------------------+-------+-------+-------+-------++-------
Melee: Unarmed           |   112 |   105 |   184 |   310 ||   711
       Touch             |    11 |    27 |    45 |    81 ||   164
       Punch             |       |     2 |     9 |    31 ||    42
       Tailslap          |       |    10 |    39 |    70 ||   119
 Cast: Sandblast         |    14 |    11 |     1 |    11 ||    37
Invok: Slouch            |       |       |       |     3 ||     3
Evoke: Phantom mirror    |       |       |       |     2 ||     2
       Wand              |       |       |       |    25 ||    25
  Use: Scroll            |       |    11 |     3 |    17 ||    31
       Potion            |       |       |       |     6 ||     6
 Stab: Sleeping          |     8 |     5 |     9 |     5 ||    27
       Distracted        |       |       |     1 |     1 ||     2
Armor: Robe              |    18 |    14 |     2 |       ||    34
       Ring mail         |       |       |     2 |       ||     2
       Leather armour    |       |       |    37 |    60 ||    97
Dodge: Dodged            |    69 |    57 |   137 |   246 ||   509
Block: Other             |       |       |       |    35 ||    35
       Reflection        |       |       |       |     2 ||     2

Table legend: (Time is in decaauts)
 A = Elapsed time spent in this place.
 B = Non-inter-level travel time spent in this place.
 C = Inter-level travel time spent in this place.
 D = Time resting spent in this place.
 E = Time spent auto-exploring this place.
 F = Levels seen in this place.
 G = Mean time per level.
                   A        B        C        D        E       F      G
               +--------+--------+--------+--------+--------+-----+--------+
         Total |  15948 |  15502 |    446 |    929 |  12188 |  14 | 1139.1 |
       Dungeon |  12983 |  12605 |    378 |      0 |  10857 |  12 | 1081.9 |
        Temple |    444 |    377 |     67 |      0 |    372 |   1 |  444.0 |
      Ice Cave |   2520 |   2520 |      0 |    929 |    959 |   1 | 2520.0 |
               +--------+--------+--------+--------+--------+-----+--------+

Top non-repeatable levels by time:
   IceCv: 2520 daAuts
     D:1: 1616 daAuts
     D:9: 1556 daAuts
     D:3: 1432 daAuts
     D:7: 1405 daAuts
     D:8: 1370 daAuts
     D:6: 1334 daAuts
     D:5: 1274 daAuts
     D:2: 904 daAuts
    D:10: 883 daAuts
     D:4: 723 daAuts
  Temple: 444 daAuts
    D:11: 278 daAuts
    D:14: 204 daAuts
